 Dungeon Crawl Stone Soup version 0.30.0-20-g3615ddf2f0 (webtiles) character file.

Game seed: 14200826671652006765

812 qw the Chopper (level 7, -7/44 HPs)
             Began as a Gargoyle Fighter on May 30, 2023.
             Was an Initiate of Okawaru.
             Mangled by a yak (9 damage)
             ... on level 5 of the Dungeon.
             The game lasted 00:01:54 (3853 turns).

qw the Chopper (Gargoyle Fighter)                   Turns: 3853, Time: 00:01:55

Health: -7/44      AC: 21    Str: 21    XL:     7   Next: 93%
Magic:  5/7        EV:  7    Int:  9    God:    Okawaru [......]
Gold:   179        SH:  5    Dex:  9    Spells: 6/6 levels left

rFire   . . .        Y - +0 war axe
rCold   . . .        c - +0 buckler
rNeg    + . .        b - +0 plate armour
rPois   inf          (no helmet)
rElec   +            a - +0 cloak
rCorr   .            g - +0 pair of gloves
SInv    .            (no boots)
Will    .....        (no amulet) Stlth
                     (no ring)
HPRegen 0.27/turn    (no ring)
MPRegen 0.10/turn

%: no passive effects
@: heroic
A: sickness immunity, AC +4, negative energy resistance 1, electricity
resistance, torment resistance 1, petrification resistance
a: Renounce Religion


You were on level 5 of the Dungeon.
You worshipped Okawaru.
Okawaru was noncommittal.
You visited 1 branch of the dungeon, and saw 5 of its levels.

You collected 229 gold pieces.
You spent 50 gold pieces at shops.


Innate Abilities, Weirdness & Mutations

You are immune to sickness and miasma.
Your stone body is resilient. (AC +4)
You are immune to poison.
You resist negative energy. (rN+)
You are resistant to electric shocks. (rElec)
You are resistant to unholy torment.
You are immune to petrification.


   Skills:
 - Level 5.2(10.2) Fighting
 - Level 7.0(12.0) Axes
 - Level 4.0(9.0) Armour
 + Level 0.0(5.0) Dodging
 - Level 3.2(8.2) Shields


You had 6 spell levels left.
You didn't know any spells.
Your spell library was empty.

Inventory:

Hand Weapons
 f - a +0 whip
 Y - a +0 war axe (weapon)
Armour
 a - a +0 cloak (worn)
 b - a +0 plate armour (worn)
 c - a +0 buckler (worn)
 g - a +0 pair of gloves (worn)
Scrolls
 i - 2 scrolls of identify
 l - a scroll of poison {unknown}
Potions
 d - 2 potions of might
 e - a potion of lignification
 h - a potion of curing
 j - a potion of resistance
 m - 2 potions of attraction

Dungeon Overview and Level Annotations

Branches:
Dungeon (5/15)
 Temple: D:4-7

Altars:
Gozag
Okawaru

Shops:
D:2 *   D:4 *

Annotations:
D:4 2 transporters, qw's ghost, novice GrCA


Message History

The yak barely misses you.
The yak gores you but does no damage. x2
You slash the yak!
The yak is severely wounded.
You slash the yak! x2
The yak gores you but does no damage. The yak barely misses you.
The yak gores you.
You slash the yak!
You kill the yak!
Okawaru is honoured by your kill.
You can now gain great but temporary skills.
You slash the yak! You hit the yak. The yak gores you. x2
Your Fighting skill increases to level 5!
You barely miss the yak.
The yak is heavily wounded.
You barely miss the yak. x2
The yak barely misses you. x2; The yak gores you.
You barely miss the yak.
The yak is heavily wounded.
You closely miss the yak. You barely miss the yak. The yak barely misses you.
The yak gores you. x2
3850 ||| INVOKING Heroism.
You gain the combat prowess of a mighty hero.
You can no longer gain great but temporary skills.
The yak gores you but does no damage. The yak gores you.
The yak gores you but does no damage.
You slash the yak!
The yak is severely wounded.
You barely miss the yak. You hit the yak. You block the yak's attack.
The yak gores you. The yak gores you but does no damage.
You closely miss the yak.
The yak is severely wounded.
You barely miss the yak. You hit the yak.
The yak gores you but does no damage. x2; The yak gores you.
You closely miss the yak.
The yak is severely wounded.
You barely miss the yak. You slash the yak! The yak gores you.
The yak gores you! x2
You die...

####...............
......./...........
.........<.........
####...............
#............... ###
##.............. #...
##..............# Y..Y.
###...#..###.######
......#Y@..#..........##
.......YY###...........#
..!...#..# #.#...7...#.#
........## #....7.7....#
......### #...7.7.7...#
...... ##..7.7.7.7..#
..... ###..7.7._.7.7.# .
... #.....7.7.7.7..# .#.
#.##...7.7.7...#


You could see 3 yaks.

Vanquished Creatures
  Grinder (D:3)
  2 yaks (D:5)
  A scorpion (D:4)
  2 orc priests (D:4)
  A jelly (D:5)
  An iguana (D:5)
  4 adders
  3 ufetubi
  2 worms
  3 dart slugs
  9 orcs (D:4)
  5 bats
  10 endoplasms
  2 giant cockroaches
  12 goblins
  10 hobgoblins
  3 jackals (D:1)
  6 quokkas
  5 ball pythons
  5 frilled lizards
  4 kobolds
  4 rats (D:1)
95 creatures vanquished.

Notes
Turn   | Place    | Note
-------+----------+-------------------------------------------
     0 | D:1      | qw the Gargoyle Fighter began the quest for the Orb.
     0 | D:1      | Reached XP level 1. HP: 14/14 MP: 1/1
     0 | D:1      | 0 ||| qw: Version: 0.2-a-102-g2b76a06
     0 | D:1      | 0 ||| qw: Game counter: 478
     0 | D:1      | 0 ||| qw: Always use a shield: true
     0 | D:1      | 0 ||| qw: God list: Okawaru
     0 | D:1      | 0 ||| qw: Allow faded altars: false
     0 | D:1      | 0 ||| qw: Do Orc after D:15 true
     0 | D:1      | 0 ||| qw: Do second Lair branch before Depths: true
     0 | D:1      | 0 ||| qw: Lair rune preference: random
     0 | D:1      | 0 ||| qw: Plans: Normal, Zot:1-4, Slime:5, God:TSO, Crypt,
                  | Tomb, Pan, Hells, Abyss, Win
     0 | D:1      | 0 ||| PLANNING D:1-11
    50 | D:1      | Reached skill level 2 in Axes
    54 | D:1      | 54 ||| FLEEEEING.
    55 | D:1      | 55 ||| FLEEEEING.
    56 | D:1      | 56 ||| FLEEEEING.
    57 | D:1      | 57 ||| FLEEEEING.
    58 | D:1      | 58 ||| FLEEEEING.
    59 | D:1      | 59 ||| FLEEEEING.
   101 | D:1      | Reached XP level 2. HP: 17/19 MP: 2/2
   346 | D:1      | 346 ||| Stepping ~*~*~tactically~*~*~ (hiding).
   355 | D:1      | Reached skill level 3 in Axes
   388 | D:1      | Reached XP level 3. HP: 23/23 MP: 3/3
   563 | D:1      | 563 ||| Stepping ~*~*~tactically~*~*~ (stealth).
   621 | D:1      | 621 ||| Stepping ~*~*~tactically~*~*~ (stealth).
   692 | D:1      | 692 ||| UPGRADING to +0 pair of gloves.
   697 | D:1      | 697 ||| UPGRADING to +0 chain mail.
   707 | D:1      | 707 ||| DROPPING +0 scale mail.
   708 | D:1      | 708 ||| READING scroll labelled LAUSMU ZOICOWK.
   709 | D:1      | 709 ||| READING 3 scrolls labelled INURCH APOMM.
   710 | D:1      | 710 ||| READING 2 scrolls of identify.
   710 | D:1      | 710 ||| IDENTIFYING ruby potion
   929 | D:2      | Reached XP level 4. HP: 28/28 MP: 4/4
   931 | D:2      | You fall into a shaft and drop 2 floors!
   962 | D:4      | Found Fyhih's Lightly-Used Armoury.
   971 | D:4      | 971 ||| SHOPLISTING -2 gold dragon scales (910 gold, have
                  | 57).
   971 | D:4      | 971 ||| SHOPLISTING -2 pearl dragon scales (1170 gold, have
                  | 57).
   990 | D:4      | 990 ||| READING scroll labelled EPTEXO AFRIUKO.
  1091 | D:4      | 1091 ||| READING scroll labelled TOYKHITRUER.
  1092 | D:4      | 1092 ||| READING scroll labelled VOOLO KORUBB.
  1093 | D:4      | 1093 ||| READING 2 scrolls of identify.
  1093 | D:4      | 1093 ||| IDENTIFYING blue potion
  1094 | D:4      | 1094 ||| DROPPING potion of invisibility.
  1172 | D:3      | Reached skill level 4 in Axes
  1242 | D:2      | Found an opulent altar of Gozag.
  1591 | D:2      | Found Lod Leimpipp's General Store.
  1598 | D:2      | 1598 ||| BUYING potion of attraction (30 gold).
  1598 | D:2      | Bought a potion of attraction for 30 gold pieces
  1598 | D:2      | 1598 ||| SHOPLISTING potion of haste (100 gold, have 55).
  1598 | D:2      | 1598 ||| SHOPLISTING potion of resistance (100 gold, have
                  | 55).
  1598 | D:2      | 1598 ||| SHOPLISTING ring of fire (250 gold, have 55).
  1598 | D:2      | 1598 ||| BUYING scroll of identify (20 gold).
  1598 | D:2      | Bought a scroll of identify for 20 gold pieces
  1706 | D:2      | 1706 ||| UPGRADING to +0 plate armour.
  1716 | D:2      | 1716 ||| DROPPING +0 chain mail.
  1717 | D:2      | 1717 ||| DROPPING ring of magical power.
  1718 | D:2      | 1718 ||| READING scroll labelled MUNIUSTR YFAU.
  1719 | D:2      | 1719 ||| READING 4 scrolls of identify.
  1719 | D:2      | 1719 ||| IDENTIFYING black potion
  1720 | D:2      | 1720 ||| READING 3 scrolls of identify.
  1720 | D:2      | 1720 ||| IDENTIFYING dark potion
  1721 | D:2      | 1721 ||| READING 2 scrolls of identify.
  1721 | D:2      | 1721 ||| IDENTIFYING smoky coppery potion
  1722 | D:2      | 1722 ||| DROPPING potion of flight.
  1723 | D:2      | 1723 ||| DROPPING potion of berserk rage.
  1770 | D:3      | Found a faded altar of an unknown god.
  1775 | D:3      | Noticed Grinder
  1776 | D:3      | 1776 ||| Stepping ~*~*~tactically~*~*~ (stealth).
  1792 | D:3      | HP: 5/28 [Grinder/nerve-wracking pain (6)]
  1793 | D:3      | 1793 ||| DRINKING potion of heal wounds.
  1797 | D:3      | Paralysed by Grinder for 5 turns
  1800 | D:3      | HP: 7/28 [Grinder/nerve-wracking pain (4)]
  1802 | D:3      | Killed Grinder
  1803 | D:3      | Reached skill level 5 in Axes
  1803 | D:3      | Reached XP level 5. HP: 6/32 MP: 5/5
  1803 | D:3      | Reached XP level 6. HP: 6/37 MP: 6/6
  2006 | D:3      | 2006 ||| DROPPING +0 club.
  2066 | D:3      | Identified the +6 hand axe of Jisechev {antimagic, +Blink}
  2068 | D:3      | 2068 ||| DROPPING +6 hand axe of Jisechev {antimagic,
                  | +Blink}.
  2398 | D:3      | 2398 ||| READING scroll labelled JEUS GYARIWUFE.
  2471 | D:4      | 2471 ||| Stepping ~*~*~tactically~*~*~ (hiding).
  2586 | D:4      | Found a transporter.
  2590 | D:4      | Noticed qw's ghost (novice GrCA)
  2640 | D:4      | Found a transporter.
  2656 | D:4      | 2656 ||| Stepping ~*~*~tactically~*~*~ (stealth).
  2970 | D:4      | Reached skill level 6 in Axes
  2971 | D:4      | 2971 ||| Stepping ~*~*~tactically~*~*~ (hiding).
  2994 | D:4      | Reached XP level 7. HP: 25/43 MP: 7/7
  3503 | D:4      | 3503 ||| UPGRADING to +0 cloak.
  3508 | D:4      | 3508 ||| READING scroll labelled FUTOFIGUODGH.
  3541 | D:4      | 3541 ||| DRINKING 2 fuming brown potions.
  3568 | D:4      | 3568 ||| DRINKING 2 brown potions.
  3605 | D:5      | Entered Level 5 of the Dungeon
  3658 | D:5      | Found an iron altar of Okawaru.
  3659 | D:5      | 3659 ||| PLANNING OKAWARU WORSHIP
  3669 | D:5      | 3669 ||| Stepping ~*~*~tactically~*~*~ (stealth).
  3671 | D:5      | 3671 ||| Stepping ~*~*~tactically~*~*~ (stealth).
  3706 | D:5      | Became a worshipper of Warmaster Okawaru
  3706 | D:5      | 3706 ||| PLANNING D:1-11
  3831 | D:5      | Noticed a yak
  3831 | D:5      | Noticed a yak
  3831 | D:5      | Noticed a yak
  3831 | D:5      | Noticed a yak
  3832 | D:5      | 3832 ||| Stepping ~*~*~tactically~*~*~ (stealth).
  3835 | D:5      | Noticed a yak
  3843 | D:5      | Killed a yak
  3843 | D:5      | HP: 9/43 [yak (7)]
  3844 | D:5      | Reached skill level 7 in Axes
  3844 | D:5      | 3844 ||| DRINKING potion of heal wounds.
  3847 | D:5      | Killed a yak
  3847 | D:5      | Reached * piety under Okawaru
  3850 | D:5      | 3850 ||| INVOKING Heroism.
  3853 | D:5      | HP: 2/44 [yak (10)]
  3853 | D:5      | Mangled by a yak

Levels and vault maps discovered:
D:1:      dpeg_arrival_round_c, layout_basic, minmay_misc_feat_doors,
          grunt_decor_fettered
D:2:      layout_basic, serial_shops, shop, basic_altar,
          amcnicky_mini_pool_small, chequers_serial_rivers_micro_d
D:3:      layout_basic, shapermc_ecumenical_altar_flowoftime, uniq_grinder
D:4:      layout_cave_pods, gammafunk_ghost_stat_death, st_stairs_6,
          minmay_shop_damaged, minmay_manual_macuahuitl
D:5:      layout_rooms, okawaru_trees_2, kennysheep_mini, amcnicky_altar_gilded,
          vehumet_crystals, grunt_decor_clamped

Skill      XL: |  1  2  3  4  5  6  7 |
---------------+----------------------+-----
Axes           | 2 3 5 6 7 |  7.0
Fighting       | 4 5 |  5.2
Armour         | 4 |  4.0
Shields        | |  3.2

Action                     |  1- 3 |  4- 6 |  7- 9 || total
---------------------------+-------+-------+-------++-------
  Melee: War axe           |   115 |   145 |    61 ||   321
 Invoke: Heroism           |       |       |     1 ||     1
    Use: Scroll            |     3 |     9 |     1 ||    13
         Potion            |       |     1 |     3 ||     4
 Armour: Scale mail        |    39 |       |       ||    39
         Chain mail        |    25 |    42 |       ||    67
         Plate armour      |       |    61 |    57 ||   118
  Dodge: Dodged            |    34 |    53 |    25 ||   112
  Block: Buckler           |    18 |    20 |     9 ||    47

Table legend:
 A = Non-vault XP
 B = Vault XP
 C = Vault XP percentage of total XP
 D = Non-vault monster count
 E = Vault monster count
 F = Vault count percentage of total count
                 A         B        C        D         E       F
            +---------+---------+-------+---------+---------+-------
      Total |     867 |     293 |  25.3 |      88 |       7 |   7.4
            +---------+---------+-------+---------+---------+-------
        D:1 |      64 |       0 |   0.0 |      35 |       0 |   0.0
        D:2 |      52 |       0 |   0.0 |      15 |       0 |   0.0
        D:3 |      20 |     281 |  93.4 |      10 |       1 |   9.1
        D:4 |     241 |      12 |   4.7 |      22 |       6 |  21.4
        D:5 |     490 |       0 |   0.0 |       6 |       0 |   0.0
            +---------+---------+-------+---------+---------+-------
